 Dungeon Crawl Stone Soup version 0.18.1-50-g88ac8fd (webtiles) character file.

355 grisgris the Magician (level 6, 0/33 HPs)
             Began as a Deep Elf Fire Elementalist on Nov 7, 2016.
             Incinerated by grisgris's ghost (7 damage)
             ... with a sticky flame
             ... on level 3 of the Dungeon.
             The game lasted 00:10:47 (3141 turns).

grisgris the Magician (Deep Elf Fire Elementalist)  Turns: 3141, Time: 00:10:48

Health: 0/33       AC:  4    Str:  5    XL:     6   Next: 36%
Magic:  6/15       EV: 13    Int: 22    God:
Gold:   129        SH:  0    Dex: 15    Spells: 3 memorised, 9 levels left

rFire  . . .     SeeInvis .     f - +0 dagger
rCold  . . .     Gourm    .     a - +0 robe
rNeg   . . .     Faith    .     (no shield)
rPois  .         Spirit   .     e - +1 helmet
rElec  .         Dismiss  .     (no cloak)
rCorr  .         Reflect  .     (no gloves)
SustAt .         Harm     .     (no boots)
MR     .....                    (no amulet)
Stlth  +.........               (no ring)
                                (no ring)

@: liquid flames, glowing, not resistant to hostile enchantments, very
unstealthy
A: no striking features
a: no special abilities


You were on level 3 of the Dungeon.
You were not hungry.

You visited 1 branch of the dungeon, and saw 4 of its levels.

You collected 129 gold pieces.

Inventory:

Hand Weapons
 f - a +0 dagger (weapon)
Armour
 a - a +0 robe (worn)
 e - a +1 helmet (worn)
Scrolls
 j - 2 scrolls of identify
 l - 2 scrolls of recharging
 o - a scroll of enchant weapon {unknown}
 q - a scroll of fear {unknown}
Potions
 h - a potion of invisibility
 i - 2 potions of lignification {unknown}
 k - a potion of cure mutation
 m - a potion of mutation
 p - 2 potions of degeneration {unknown}
Books
 b - a book of Flames

   Spells                             Type                      Level
   a - Flame Tongue                   Conjuration/Fire             1
   b - Throw Flame                    Conjuration/Fire             2
   c - Conjure Flame                  Conjuration/Fire             3
   d - Inner Flame                    Hexes/Fire                   3
   e - Sticky Flame                   Conjuration/Fire             4
   f - Fireball                       Conjuration/Fire             5
Comestibles
 c - 3 bread rations
 d - 2 beef jerkies
 g - 2 meat rations


   Skills:
 + Level 0.8 Fighting
 + Level 0.2 Short Blades
 - Level 2.4 Dodging
 - Level 2.4 Stealth
 + Level 5.3 Spellcasting
 * Level 4.4 Conjurations
 + Level 5.0 Fire Magic


You had 9 spell levels left.
You knew the following spells:

 Your Spells              Type           Power        Failure   Level  Hunger
a - Flame Tongue          Conj/Fire      ####.        1%          1    None
b - Throw Flame           Conj/Fire      ####..       1%          2    None
c - Conjure Flame         Conj/Fire      ####....     4%          3    ##.....


Dungeon Overview and Level Annotations

Branches:
Dungeon (4/15)
 Temple: D:4-7

Altars:
Ashenzari
Ru

Annotations:
D:3 Grinder; Terence; grisgris's ghost, amateur DEFE


Message History

Grisgris's ghost is heavily damaged.
You are covered in liquid flames!
Grisgris's ghost sprays you with burning goo.
The sticky flame hits you!
You are covered in liquid flames!
Casting: Throw Flame
Confirm with . or Enter, or press ? or * to list all spells.
Aiming: Flame Tongue
Press: ? - help, Shift-Dir - straight line, f/p - grisgris's ghost
Aim: grisgris's ghost (heavily damaged)
The flame tongue hits grisgris's ghost.
Grisgris's ghost is heavily damaged.
You are covered in liquid flames!
* * * LOW HITPOINT WARNING * * *
Grisgris's ghost hits you but does no damage.
Drink which item? (? for menu, Esc to quit)
Invisibility will do you no good right now; use anyway?
Okay, then.
You are covered in liquid flames!
You die...

###..# ##..... .'.....##
......## ..... #..# ###
#######W#####[######### ...o..
+.......#.............#
........#######)@.#.#.........#
........ ##..#...........#
........ #..#.#.........+
...... ...#.#.........# ....
###.#.#.........#
+####.#####..#
#...#.........###
.............#
##.##.#..###....#
....#.#####..#
###.##.#.......#.#
.............#
(.........###..#.#


You could see grisgris's ghost.

Vanquished Creatures
  A hungry ghost (D:4)
  An ogre (D:2)
  An orc priest (D:3)
  An orc wizard (D:4)
  An adder (D:2)
  4 worms (D:2)
  2 dart slugs (D:1)
  3 giant geckos
  2 ball pythons
  11 bats
  3 giant cockroaches
  7 goblins
  5 hobgoblins
  4 jackals (D:2)
  2 quokkas (D:2)
  2 giant newts
  5 kobolds
  4 rats
59 creatures vanquished.

Notes
Turn   | Place    | Note
--------------------------------------------------------------
     0 | D:1      | grisgris the Deep Elf Fire Elementalist began the quest for the Orb.
     0 | D:1      | Reached XP level 1. HP: 10/10 MP: 6/6
     6 | D:1      | Noticed a hog
     6 | D:1      | Noticed a killer bee
     7 | D:1      | Noticed a salamander
   334 | D:1      | Reached XP level 2. HP: 15/15 MP: 6/8
   482 | D:1      | Found a shattered altar of Ashenzari.
   923 | D:2      | Reached XP level 3. HP: 19/19 MP: 7/10
   928 | D:2      | Learned a level 3 spell: Conjure Flame
   931 | D:2      | Learned a level 2 spell: Throw Flame
  1806 | D:2      | Noticed an ogre
  1897 | D:2      | Killed an ogre
  1897 | D:2      | Reached XP level 4. HP: 5/24 MP: 0/12
  1897 | D:2      | Reached XP level 5. HP: 5/28 MP: 0/13
  2190 | D:2      | Found a sacrificial altar of Ru.
  2525 | D:3      | Noticed Grinder
  2668 | D:3      | Noticed Terence
  2763 | D:3      | Found a faded altar to an unknown god.
  2900 | D:4      | Noticed a hungry ghost
  2967 | D:4      | Killed a hungry ghost
  2967 | D:4      | Reached skill level 5 in Spellcasting
  2967 | D:4      | Reached skill level 5 in Fire Magic
  2967 | D:4      | Reached XP level 6. HP: 24/33 MP: 4/15
  3132 | D:3      | Noticed grisgris's ghost (amateur DEFE)
  3141 | D:3      | Incinerated by grisgris's ghost

Skill      XL: |  1  2  3  4  5 |
---------------+----------------+-----
Fire Magic     | 4 5 |  5.0
Spellcasting   | 4 5 |  5.3
Conjurations   | 3 4 |  4.4
Fighting       | |  0.8
Short Blades   | |  0.2
Dodging        | |  2.4
Stealth        | |  2.4

Action                   |  1- 3 |  4- 6 || total
-------------------------+-------+-------++-------
Melee: Dagger            |    14 |     3 ||    17
 Cast: Flame Tongue      |    70 |    33 ||   103
       Conjure Flame     |     6 |       ||     6
       Throw Flame       |     2 |    22 ||    24
  Use: Scroll            |     4 |     4 ||     8
 Stab: Sleeping          |     4 |     3 ||     7
  Eat: Fruit             |     3 |     3 ||     6
       Chunk             |     1 |     2 ||     3
Armor: Robe              |     7 |     6 ||    13
Dodge: Dodged            |    23 |     7 ||    30
